 Dungeon Crawl Stone Soup version 0.24-b1-44-g37ad8b309f (webtiles) character file.

Game seed: 13039129790093402962, levelgen mode: deterministic

118 Mrkan the Slasher (level 5, -1/33 HPs)
             Began as a Tengu Fighter on Oct 24, 2019.
             Killed by divine providence
             ... invoked by an orc priest
              (16 damage)
             ... on level 3 of the Dungeon.
             The game lasted 00:03:03 (2015 turns).

Mrkan the Slasher (Tengu Fighter)                   Turns: 2015, Time: 00:03:04

Health: -1/33      AC:  8    Str: 17    XL:     5   Next: 2%
Magic:  6/6        EV:  7    Int:  8    God:
Gold:   17         SH:  9    Dex: 14    Spells: 4/4 levels left

rFire    . . .     SeeInvis .   a - +0 long sword
rCold    . . .     Gourm    .   c - +0 shield
rNeg     . . .     Faith    .   b - +0 scale mail
rPois    .         Spirit   .   (helmet restricted)
rElec    .         Reflect  .   l - +0 cloak
rCorr    .         Harm     .   (no gloves)
MR       .....                  (boots unavailable)
Stlth    ..........             (no amulet)
HPRegen  0.11/turn              (no ring)
MPRegen  0.10/turn              (no ring)

@: no status effects
A: beak, talons 3, able to fly
a: Fly


You were on level 3 of the Dungeon.
You were not hungry.

You visited 1 branch of the dungeon, and saw 3 of its levels.

You collected 17 gold pieces.

Inventory:

Hand Weapons
 a - a +0 long sword (weapon)
Armour
 b - a +0 scale mail (worn)
 c - a +0 shield (worn)
 j - a +0 helmet
 l - a +0 cloak (worn)
Wands
 g - a wand of random effects (20)
Scrolls
 d - a scroll of enchant armour {unknown}
 e - 7 scrolls of identify {unknown}
 k - a scroll of magic mapping {unknown}
Potions
 h - a potion of heal wounds {unknown}
 i - a potion of cancellation {unknown}
 m - a potion of brilliance {unknown}
 n - a potion of invisibility {unknown}
Comestibles
 f - 6 rations


   Skills:
 + Level 3.7 Fighting
 * Level 4.2 Long Blades
 - Level 3.2 Armour
 + Level 3.7 Shields


You had 4 spell levels left.
You didn't know any spells.
Your spell library was empty.

Dungeon Overview and Level Annotations

Branches:
Dungeon (3/15)

Altars:
Dithmenos
Elyvilon
Hepliaklqana
Kikubaaqudgha
Uskayaw
Yredelemnul


Innate Abilities, Weirdness & Mutations

You have a beak for a mouth.
You have claws for feet.
You can fly continuously.


Message History

The orc wizard seems to speed up.
The frilled lizard bites you but does no damage.
You block the orc's attack.
Unknown command.
You miss the orc wizard. Your kick misses the orc wizard.
You peck the orc wizard.
The orc wizard is lightly wounded.
The jackal bites you. You block the orc wizard's attack.
You block the jackal's attack. You block the frilled lizard's attack.
The orc closely misses you.
The orc wizard gestures at you while chanting.
The magic dart hits you.
You hit the orc wizard but do no damage.
The orc wizard is lightly wounded.
You block the jackal's attack. You block the orc wizard's attack.
The frilled lizard bites you but does no damage.
The jackal bites you but does no damage.
The orc priest invokes the aid of Beogh against you.
Beogh smites you!
You die...

### .. #.. .... #.# #...
#.# #..# #.# #..# # #.#
#.$##.##.
#######.####.###$.......
.(........##..oool...#
#######.#.# #@#
#...######h######
##.......hh.......
#...#####..######
##8.รท8## #..# #......#
#..# ###..### #..#
#....._# #.). ###..###
##.##


You could see an orc priest, an orc wizard, an orc, 3 jackals and a frilled
lizard.

Vanquished Creatures
  Jessica (D:2)
  3 gnolls (D:3)
  An adder (D:3)
  3 dart slugs
  2 leopard geckos
  An orc (D:3)
  2 giant cockroaches (D:1)
  4 goblins
  2 hobgoblins
  4 jackals (D:2)
  7 kobolds
  9 bats
  3 frilled lizards
  7 rats
49 creatures vanquished.

Notes
Turn   | Place    | Note
-------+----------+-------------------------------------------
     0 | D:1      | Mrkan the Tengu Fighter began the quest for the Orb.
     0 | D:1      | Reached XP level 1. HP: 14/14 MP: 2/2
    91 | D:1      | Reached XP level 2. HP: 17/19 MP: 3/3
   786 | D:2      | Noticed Jessica
   790 | D:2      | Killed Jessica
   790 | D:2      | Reached skill level 3 in Long Blades
   790 | D:2      | Reached XP level 3. HP: 23/23 MP: 4/4
  1172 | D:2      | Reached XP level 4. HP: 21/28 MP: 5/5
  1730 | D:3      | Reached skill level 4 in Long Blades
  1731 | D:3      | HP: 1/29 [gnoll/+0 club (3)]
  1899 | D:3      | Gained mutation: You can fly continuously. [Tengu growth]
  1899 | D:3      | Reached XP level 5. HP: 16/33 MP: 6/6
  1966 | D:3      | Found an ancient bone altar of Kikubaaqudgha.
  1968 | D:3      | Found a hazy altar of Hepliaklqana.
  1968 | D:3      | Found a basalt altar of Yredelemnul.
  1968 | D:3      | Found a shadowy altar of Dithmenos.
  1970 | D:3      | Found a hide-covered altar of Uskayaw.
  1972 | D:3      | Found a white marble altar of Elyvilon.
  2015 | D:3      | Killed from afar by an orc priest

Skill      XL: |  1  2  3  4 |
---------------+-------------+-----
Long Blades    | 3 4 |  4.2
Fighting       | |  3.7
Armour         | |  3.2
Shields        | |  3.7

Action                   |  1- 3 |  4- 6 || total
-------------------------+-------+-------++-------
Melee: Long sword        |    52 |    52 ||   104
       Kick              |    13 |    14 ||    27
       Peck              |     4 |     9 ||    13
  Use: Potion            |       |     1 ||     1
  Eat: Chunk             |     1 |     3 ||     4
Armor: Scale mail        |    35 |    37 ||    72
Dodge: Dodged            |    17 |    13 ||    30
Block: Shield            |    30 |    32 ||    62
       Rpst.: Long sword |     6 |     5 ||    11
